 Dungeon Sprint DCSS version 0.30.0-10-gfe55d96785 (webtiles) character file.

Game seed: 15938032873708395806

13289 Groucho the Eclecticist (level 11, -3/56 HPs)
             Began as a Spriggan Enchanter on May 14, 2023.
             Was the Champion of Dithmenos.
             Slain by the 27-headed Lernaean hydra (4 damage)
             ... in the Dungeon (Sprint I: "Red Sonja") on May 15, 2023.
             The game lasted 00:12:07 (3725 turns).

Groucho the Eclecticist (Spriggan Enchanter)        Turns: 3725, Time: 00:12:07

Health: -3/56      AC:  4    Str:  6    XL:     11   Next: 73%
Magic:  32/32      EV: 29    Int: 16    God:    Dithmenos [******]
Gold:   2028       SH:  0    Dex: 19    Spells: 31/42 levels left

rFire   . . .        i - +0 shortbow
rCold   . . .        (shield currently unavailable)
rNeg    . . .        b - +0 robe
rPois   .            v - +2 hat
rElec   .            (no cloak)
rCorr   .            (gloves unavailable)
SInv    +            (boots unavailable)
Will    +....        (no amulet) Stlth **++++++++
                     q - ring of flight
HPRegen 0.29/turn    (no ring)
MPRegen 0.23/turn

%: no teleportation
@: flying, wreathed by umbra, very quick
A: very small, no large weapons, unfitting armour, see invisible, speed 3
a: Renounce Religion, Shadow Step, Shadow Form


You were in the Dungeon.
You worshipped Dithmenos.
Dithmenos was exalted by your worship.
You visited 1 branch You collected 2502 gold pieces.
You spent 474 gold pieces at shops.

Inventory:

Hand Weapons
 a - a +1 dagger
 i - a +0 shortbow (weapon)
Armour
 b - a +0 robe (worn)
 v - a +2 hat (worn)
Jewellery
 q - a ring of flight (left hand)
 r - a ring of fire
Wands
 h - a wand of polymorph (6)
 j - a wand of flame (10)
 l - a wand of mindburst (14)
 n - a wand of light (1)
Scrolls
 m - a scroll of enchant weapon {unknown}
 o - a scroll of vulnerability {unknown}
 p - a scroll of fear {unknown}
 s - a scroll of enchant armour {unknown}
 t - a scroll of poison {unknown}
 u - a scroll of butterflies {unknown}
Potions
 c - 2 potions of invisibility
 d - 4 potions of curing
 e - 2 potions of heal wounds
 f - 2 potions of haste
 g - 2 potions of magic
 k - a potion of mutation {unknown}


   Skills:
 + Level 5.4 Fighting
 + Level 12.5 Short Blades
 + Level 9.7 Ranged Weapons
 + Level 14.9 Dodging
 - Level 16.0 Stealth
 - Level 16.4 Spellcasting
 - Level 5.0 Conjurations
 - Level 15.0 Hexes
 - Level 5.0 Ice Magic


You had 31 spell levels left.
You knew the following spells:

 Your Spells              Type           Power      Damage    Failure   Level
a - Ensorcelled Hibernat  Hex/Ice        90%        N/A       1%          2
b - Confusing Touch       Hex            57%        N/A       1%          3
c - Dazzling Flash        Conj/Hex       90%        N/A       1%          3
d - Tukima's Dance        Hex            57%        N/A       1%          3

Your spell library contained the following spells:

 Spells                   Type           Power      Damage    Failure   Level
 Lesser Beckoning         Tloc           26%        N/A       7%          2
 Gell's Gravitas          Tloc           13%        N/A       14%         3
 Teleport Other           Tloc           13%        N/A       14%         3


Dungeon Overview and Level Annotations

Branches:
Dungeon (1/1)

Altars:
Cheibriados
Dithmenos
Elyvilon
Fedhas
Gozag
Hepliaklqana
Kikubaaqudgha
Makhleb
Nemelex Xobeh
Okawaru
Qazlal
Ru
Sif Muna
Trog
Uskayaw
Vehumet
Wu Jian
Xom
Yredelemnul
Zin
The Shining One
Jiyva
Lugonu

Shops:
D (!(??![:[(?!(:?[*[

Annotations:
D Lernaean hydra


Innate Abilities, Weirdness & Mutations

You are very small and have problems with some larger weapons.
You are too small for most types of armour.
You have supernaturally acute eyesight. (SInv)
You cover ground extremely quickly. (Speed+++)


Message History

There is an open door here.
Aiming: Bolt of Light
Press: ? - help, Shift-Dir - straight line, f/p - 27-headed Lernaean hydra
Aim: the 27-headed Lernaean hydra (lightly wounded, umbra, 90% to hit)
The bolt of light hits the 27-headed Lernaean hydra!!
The 27-headed Lernaean hydra is lightly wounded.
The 27-headed Lernaean hydra is blinded.
Unknown command.
Unknown command.
You shoot an arrow.
The arrow hits the 27-headed Lernaean hydra but does no damage.
The 27-headed Lernaean hydra is lightly wounded.
Your shadow shoots an arrow.
The arrow barely misses the 27-headed Lernaean hydra.
There is an open door here.
The 27-headed Lernaean hydra is no longer blind.
You shoot an arrow.
The arrow hits the 27-headed Lernaean hydra.
The 27-headed Lernaean hydra is lightly wounded.
There is an open door here.
The 27-headed Lernaean hydra misses you. x2
The 27-headed Lernaean hydra completely misses you.
The 27-headed Lernaean hydra bites you!
The 27-headed Lernaean hydra barely misses you.
The 27-headed Lernaean hydra bites you!
You emit a cloud of dark smoke.
The 27-headed Lernaean hydra barely misses you.
The 27-headed Lernaean hydra bites you but does no damage.
The 27-headed Lernaean hydra completely misses you.
The 27-headed Lernaean hydra barely misses you. x2
The 27-headed Lernaean hydra bites you! The 27-headed Lernaean hydra bites you.
The 27-headed Lernaean hydra misses you.
The 27-headed Lernaean hydra barely misses you.
The 27-headed Lernaean hydra misses you. x2
The 27-headed Lernaean hydra bites you. The 27-headed Lernaean hydra bites you!
* * * LOW HITPOINT WARNING * * *
You emit a cloud of dark smoke.
The 27-headed Lernaean hydra bites you!
* * * LOW HITPOINT WARNING * * *
The 27-headed Lernaean hydra completely misses you. x2
The 27-headed Lernaean hydra bites you.
You die...

#################################
#<.#.)'..#.)'..#§§#..'..)#.(#§§§§
#..'..#..'..#..§§D§..#...##'#§###
#..#####'#####'#@§####)..'.§#§#
#..####..#...#.####§(#####..§§#
#.)#__####..##.#~§§§§#..##+####
#..#_____##'#_.§§§§..§.§#
#⌠⌠#_.∩...'..._#§§§§)#.§#
####_..__##_.#'##+#####'###
#_____###'#)#[...###.'.#
############.####'###.###.#
#∩........'...'.....'.∩##.#


You could see the 27-headed Lernaean hydra.

Vanquished Creatures
  A golden dragon (D)
  A shadow dragon (D)
  A hydra (D)
  2 centaur warriors (D)
  Sonja (D)
  A deep troll (D)
  A lindwurm (D)
  An oklob plant (D)
  2 merfolk sirens (D)
  4 demonic crawlers (D)
  2 unseen horrors (D)
  2 kobold demonologists (D)
  A hellwing (D)
  A hornet (D)
  Sigmund (D)
  A slime creature (D)
  A yak (D)
  13 hogs (D)
  2 redbacks (D)
  3 floating eyes (D)
  An ogre (D)
  7 necrophages (D)
  8 jellies (D)
  Ijyb (D)
  2 ballistomycete spores (D)
61 creatures vanquished.

Vanquished Creatures (others)
  2 hornets (D)
2 creatures vanquished.

Grand Total: 63 creatures vanquished

Notes
Turn   | Place    | Note
-------+----------+-------------------------------------------
     0 | D        | Groucho the Spriggan Enchanter began the quest for the Orb.
     0 | D        | Reached XP level 1. HP: 9/9 MP: 5/5
     2 | D        | Noticed Ijyb
     9 | D        | Killed Ijyb
    10 | D        | Reached skill level 5 in Hexes
    10 | D        | Reached XP level 2. HP: 13/13 MP: 6/8
    70 | D        | Learned a level 2 spell: Ensorcelled Hibernation
    74 | D        | Noticed an ogre
    96 | D        | Killed an ogre
    97 | D        | Reached XP level 3. HP: 16/16 MP: 1/11
    97 | D        | Reached XP level 4. HP: 21/21 MP: 1/13
   502 | D        | Noticed Sigmund
   504 | D        | Killed Sigmund
   505 | D        | Reached XP level 5. HP: 24/24 MP: 13/16
   505 | D        | Reached XP level 6. HP: 28/28 MP: 14/18
   519 | D        | Found a shimmering blue altar of Sif Muna.
   520 | D        | Found an ornate altar of the Wu Jian Council.
   521 | D        | Found a radiant altar of Vehumet.
   529 | D        | Found Takicek's Distillery.
   529 | D        | Found an ancient bone altar of Kikubaaqudgha.
   529 | D        | Found a hazy altar of Hepliaklqana.
   529 | D        | Found a stormy altar of Qazlal.
   529 | D        | Found a hide-covered altar of Uskayaw.
   529 | D        | Found a blossoming altar of Fedhas.
   529 | D        | Found a bloodstained altar of Trog.
   529 | D        | Found an iron altar of Okawaru.
   529 | D        | Found a basalt altar of Yredelemnul.
   529 | D        | Found a glowing golden altar of the Shining One.
   529 | D        | Found a snail-covered altar of Cheibriados.
   529 | D        | Found a sacrificial altar of Ru.
   529 | D        | Found a glowing silver altar of Zin.
   529 | D        | Found a shadowy altar of Dithmenos.
   529 | D        | Found a white marble altar of Elyvilon.
   529 | D        | Noticed a yak
   530 | D        | Found an opulent altar of Gozag.
   552 | D        | Killed a yak
   998 | D        | Found a sparkling altar of Nemelex Xobeh.
  1004 | D        | Became a worshipper of Dithmenos the Shadowed
  1043 | D        | Found a viscous altar of Jiyva.
  1043 | D        | Found a corrupted altar of Lugonu.
  1043 | D        | Noticed a slime creature
  1044 | D        | Found a burning altar of Makhleb.
  1044 | D        | Found a shimmering altar of Xom.
  1046 | D        | Killed a slime creature
  1047 | D        | Reached skill level 10 in Spellcasting
  1047 | D        | Reached skill level 10 in Hexes
  1047 | D        | Reached XP level 7. HP: 32/32 MP: 19/21
  1066 | D        | Noticed a centaur warrior
  1067 | D        | Noticed a centaur warrior
  1068 | D        | Killed a centaur warrior
  1069 | D        | Reached skill level 5 in Short Blades
  1069 | D        | Reached XP level 8. HP: 36/36 MP: 21/24
  1069 | D        | Killed a centaur warrior
  1069 | D        | Reached * piety under Dithmenos
  1081 | D        | Noticed a hornet
  1084 | D        | Killed a hornet
  1095 | D        | Noticed an oklob plant
  1097 | D        | Killed an oklob plant
  1097 | D        | Reached ** piety under Dithmenos
  1098 | D        | Reached XP level 9. HP: 39/39 MP: 25/27
  1112 | D        | Reached skill level 10 in Dodging
  1139 | D        | Noticed an unseen horror
  1139 | D        | Noticed an unseen horror
  1145 | D        | Killed an unseen horror
  1145 | D        | Reached *** piety under Dithmenos
  1151 | D        | Killed an unseen horror
  1157 | D        | Learned a level 3 spell: Confusing Touch
  1161 | D        | Learned a level 3 spell: Dazzling Flash
  1165 | D        | Learned a level 3 spell: Tukima's Dance
  1187 | D        | Reached **** piety under Dithmenos
  1613 | D        | Found Eropn's Book Boutique.
  1614 | D        | Found Suacufig's Magic Scroll Emporium.
  1615 | D        | Found Jynt's General Store.
  1620 | D        | Reached ***** piety under Dithmenos
  1621 | D        | Reached skill level 5 in Ranged Weapons
  1646 | D        | Reached skill level 1 in Ice Magic
  1663 | D        | Reached skill level 1 in Conjurations
  1663 | D        | Reached XP level 10. HP: 44/44 MP: 22/29
  1688 | D        | Found Qougergh's Magic Scroll Shoppe.
  1688 | D        | Found Temmog's Weapon Shop.
  1688 | D        | Found Ruukea's Magic Scroll Boutique.
  1690 | D        | Found Otattehul's Distillery.
  1690 | D        | Found Bumenith's Antique Armour Shop.
  1690 | D        | Found Wikyuc's Book Shoppe.
  1690 | D        | Found Lotwu's Antique Armour Boutique.
  1690 | D        | Found Yverr's Antique Weapon Emporium.
  1690 | D        | Found Viugrel's Magic Scroll Shop.
  1690 | D        | Found Zauros's Distillery.
  1696 | D        | Found Dacenoid's Antique Weapon Boutique.
  1762 | D        | Noticed a deep troll
  1764 | D        | Killed a deep troll
  1777 | D        | Found Ruot Xupt's Armour Emporium.
  1792 | D        | Noticed Sonja
  1795 | D        | Killed Sonja
  1809 | D        | Found Koimes's Weapon Boutique.
  1871 | D        | Identified the +0 leather armour "Jeipt" {Rampage Drain
                  | Will++ Stlth+}
  1900 | D        | Reached skill level 10 in Short Blades
  1902 | D        | Reached ****** piety under Dithmenos
  1904 | D        | Noticed a demonic crawler
  1904 | D        | Noticed a demonic crawler
  1904 | D        | Noticed a demonic crawler
  1904 | D        | Noticed a demonic crawler
  1915 | D        | Killed a demonic crawler
  1916 | D        | Reached skill level 15 in Hexes
  1925 | D        | Killed a demonic crawler
  1945 | D        | Killed a demonic crawler
  1946 | D        | Reached skill level 15 in Spellcasting
  2286 | D        | Killed a demonic crawler
  2466 | D        | Bought a ring of fire for 250 gold pieces
  2516 | D        | Noticed a lindwurm
  2520 | D        | Killed a lindwurm
  2521 | D        | Reached skill level 1 in Fighting
  2542 | D        | Reached XP level 11. HP: 44/50 MP: 26/31
  2863 | D        | Noticed a 12-headed hydra
  2865 | D        | Killed a 12-headed hydra
  2866 | D        | Reached skill level 5 in Ice Magic
  2929 | D        | Noticed a shadow dragon
  2932 | D        | Noticed a golden dragon
  2934 | D        | Killed a shadow dragon
  2935 | D        | Reached skill level 5 in Conjurations
  2936 | D        | Killed a golden dragon
  2995 | D        | Found Umerujo's Armour Shoppe.
  3012 | D        | Bought a +2 hat for 224 gold pieces
  3229 | D        | Noticed a deep elf annihilator
  3273 | D        | Reached skill level 5 in Fighting
  3679 | D        | Noticed the 27-headed Lernaean hydra
  3725 | D        | HP: 1/56 [the 27-headed Lernaean hydra (8)]
  3725 | D        | Slain by the 27-headed Lernaean hydra

Illustrated notes

Levels and vault maps discovered:
D:        dungeon_sprint_1 [red_sonja_temple_1, red_sonja_temple_small_1]

Skill      XL: |  1  2  3  4  5  6  7  8  9 10 11 |
---------------+----------------------------------+-----
Stealth        | 7 11 14 16 | 16.0
Spellcasting   | 4 6 8 10 11 13 14 15 16 | 16.4
Hexes          | 5 6 8 10 11 13 14 15 | 15.0
Short Blades   | 5 7 9 10 12 | 12.5
Dodging        | 6 9 11 13 14 | 14.9
Ranged Weapons | 2 5 7 9 |  9.7
Ice Magic      | 1 4 5 |  5.0
Conjurations   | 1 4 5 |  5.0
Fighting       | 1 5 |  5.4

Action                     |  1- 3 |  4- 6 |  7- 9 | 10-12 || total
---------------------------+-------+-------+-------+-------++-------
  Melee: Dagger            |     6 |     5 |    46 |    37 ||    94
   Fire: Shortbow          |       |       |       |    32 ||    32
   Cast: Ensorcelled Hiber |     4 |     5 |    15 |    33 ||    57
         Confusing Touch   |       |       |     4 |       ||     4
         Dazzling Flash    |       |       |       |     2 ||     2
 Invoke: Shadow Step       |       |       |     1 |       ||     1
  Evoke: Wand              |       |       |       |     3 ||     3
    Use: Potion            |     1 |       |       |       ||     1
         Scroll            |       |       |     1 |       ||     1
   Stab: Sleeping          |     1 |     4 |    19 |    27 ||    51
         Confused          |       |       |     4 |       ||     4
         Invisible         |       |       |       |     3 ||     3
 Armour: Robe              |       |       |       |     3 ||     3
  Dodge: Dodged            |     4 |     1 |    15 |    78 ||    98
